cohdb
Replays
Latest Replays
All Replays
Popular Replays
Top Player Replays
Match Explorer
How It Works
Community
CoH3 Stats
Reddit
Sign in to upload your games and track your stats! →
Sign in with Steam
Match 42589299
Unlisted
Match 42589299
Overview
Messages
Build Orders
End
Selects Italian Coastal Battlegroup
Selects Coastal Reserves
Coastal Reserve
Construct Infanterie Kompanie
GrW 34 Mortar Team
Coastal Reserve
MG 42 Machine Gun Team
MG 42 Machine Gun Team
Selects Artillery Officer
Artillery Officer
Kettenkrad Recon Vehicle
Construct Luftwaffe Kompanie
Jäger Squad
Pioneer Squad
Selects Support Bunkers
Coastal Reserve
Construct Panzergrenadier Kompanie
Selects Designated Artillery Overwatch
Pak 40 Anti-tank Gun Team
Pak 40 Anti-tank Gun Team
Medical Station
Selects Coastal Wall
MG 42 Bunker
Panzergrenadier Squad
[HAN]Diederick Kastner
帝国の突撃隊
0
0
Comments
sign in to comment!
No comments posted yet!